 Dungeon Crawl Stone Soup version 0.27-a0-1273-gec92ba881d (webtiles) character file.

Game seed: 18317325916384978153

12 rabbitsville the Digger (level 2, -2/15 HPs)
             Began as a Gargoyle Earth Elementalist on June 11, 2021.
             Slain by an endoplasm (3 damage)
             ... on level 1 of the Dungeon.
             The game lasted 00:12:19 (374 turns).

rabbitsville the Digger (GrEE)                       Turns: 374, Time: 00:12:19

Health: -2/15      AC:  4    Str: 11    XL:     2   Next: 33%
Magic:  5/5        EV: 11    Int: 15    God:
Gold:   0          SH:  0    Dex: 10    Spells: 4/5 levels left

rFire    . . .     SeeInvis .   e - +0 hunting sling
rCold    . . .     Faith    .   (no shield)
rNeg     + . .     Spirit   .   c - +0 robe
rPois    ∞         Reflect  .   (no helmet)
rElec    +         Harm     .   (no cloak)
rCorr    .         Rampage  .   (no gloves)
Will     .....                  (no boots)
Stlth    ++........             (no amulet)
HPRegen  0.05/turn              (no ring)
MPRegen  0.09/turn              (no ring)

@: no status effects
A: sickness immunity, AC +2, negative energy resistance 1, electricity
resistance, torment resistance 1, petrification resistance
a: no special abilities


You were on level 1 of the Dungeon.
You visited 1 branch of the dungeon, and saw 1 of its levels.

Inventory:

Hand Weapons
 d - a +0 dagger
 e - a +0 hunting sling (weapon)
Missiles
 a - 17 bolts
 b - 20 stones
 f - 23 sling bullets (quivered ammo)
Armour
 c - a +0 robe (worn)


   Skills:
 - Level 1.5 Dodging
 - Level 2.1 Stealth
 + Level 2.4 Spellcasting
 - Level 0.7 Transmutations
 + Level 4.1 Earth Magic


You had 4 spell levels left.
You knew the following spells:

 Your Spells              Type           Power      Damage    Failure   Level
a - Sandblast             Erth           28%        2d8       4%          1

Your spell library contained the following spells:

 Spells                   Type           Power      Damage    Failure   Level
 Passwall                 Tmut/Erth      7%         N/A       12%         2
 Stone Arrow              Conj/Erth      14%        3d7       28%         3
 Petrify                  Tmut/Erth      9%         N/A       61%         4
 Lee's Rapid Deconstruct  Erth           7%         3d7*      73%         5


Dungeon Overview and Level Annotations

Branches:
Dungeon (1/15)

Altars:


Innate Abilities, Weirdness & Mutations

You are immune to sickness and miasma.
Your stone body is resilient. (AC +2)
You are immune to poison.
You resist negative energy. (rN+)
You are resistant to electric shocks. (rElec)
You are resistant to unholy torment.
You are immune to petrification.


Message History

Welcome back, rabbitsville the Gargoyle Earth Elementalist.
Press ? for a list of commands and other information.
Save game and exit?
Welcome back, rabbitsville the Gargoyle Earth Elementalist.
Press ? for a list of commands and other information.
Really attack while wielding your +0 hunting sling? [Y]es or [N]o only, please.
Really attack while wielding your +0 hunting sling? [Y]es or [N]o only, please.
Really attack while wielding your +0 hunting sling? [Y]es or [N]o only, please.
Really attack while wielding your +0 hunting sling? [Y]es or [N]o only, please.
Really attack while wielding your +0 hunting sling? [Y]es or [N]o only, please.
Really attack while wielding your +0 hunting sling?
Okay, then.
The endoplasm freezes you.
You are frozen.
The endoplasm hits you but does no damage.
The endoplasm hits you but does no damage.
The endoplasm hits you but does no damage.
The endoplasm hits you but does no damage.
The endoplasm hits you. The endoplasm closely misses you.
The endoplasm closely misses you. The endoplasm hits you.
The endoplasm closely misses you. The endoplasm closely misses you.
The endoplasm hits you. The endoplasm freezes you.
You are frozen.
* * * LOW HITPOINT WARNING * * *
The endoplasm misses you. The endoplasm closely misses you.
The endoplasm freezes you.
You are frozen.
* * * LOW HITPOINT WARNING * * *
The endoplasm hits you.
You die...

#
####.##.(.
#.@J((.((.
#.##.##.##
#.# # #.#
#.# #.#
#.# #.#
#.#


You could see an endoplasm.

Vanquished Creatures
  A dart slug (D:1)
  A bat (D:1)
  An endoplasm (D:1)
  A goblin (D:1)
  A hobgoblin (D:1)
  A quokka (D:1)
  A ball python (D:1)
  A kobold (D:1)
  2 rats (D:1)
10 creatures vanquished.

Notes
Turn   | Place    | Note
-------+----------+-------------------------------------------
     0 | D:1      | rabbitsville the Gargoyle Earth Elementalist began the
                  | quest for the Orb.
     0 | D:1      | Reached XP level 1. HP: 10/10 MP: 3/3
    71 | D:1      | Found a faded altar of an unknown god.
   114 | D:1      | Reached XP level 2. HP: 15/15 MP: 0/5
   261 | D:1      | Reached skill level 4 in Earth Magic
   374 | D:1      | Slain by an endoplasm

Illustrated notes

Levels and vault maps discovered:
D:1:      dpeg_arrival_windows_large_door, layout_loops_ring, serial_shops,
          shop, ebering_ecumenical_altar_rust

Skill      XL: |  1  2 |
---------------+-------+-----
Earth Magic    | 4 |  4.1
Dodging        | |  1.5
Stealth        | |  2.1
Spellcasting   | |  2.4
Transmutations | |  0.7

Action                   || total
-------------------------++-------
Melee: Unarmed           ||     3
       Dagger            ||    16
 Fire: Hunting sling     ||     7
 Cast: Sandblast         ||     7
Armor: Robe              ||    16
Dodge: Dodged            ||    24

Table legend: (Time is in decaauts)
 A = Elapsed time spent in this place.
 B = Non-inter-level travel time spent in this place.
 C = Inter-level travel time spent in this place.
 D = Time resting spent in this place.
 E = Time spent auto-exploring this place.
 F = Levels seen in this place.
 G = Mean time per level.
                   A        B        C        D        E       F      G
               +--------+--------+--------+--------+--------+-----+--------+
         Total |    374 |    374 |      0 |     60 |      0 |   1 |  374.0 |
       Dungeon |    374 |    374 |      0 |     60 |      0 |   1 |  374.0 |
               +--------+--------+--------+--------+--------+-----+--------+

Top non-repeatable levels by time:
     D:1: 374 daAuts
